 Dungeon Crawl Stone Soup version 0.29-a0-409-gd843f3a48c (webtiles) character file.

Game seed: 2265578735450689362

14 foxgirlerika the Insei (level 2, 0/14 HPs)
             Began as a Vine Stalker Transmuter on May 14, 2022.
             Was a Follower of Vehumet.
             Succumbed to an adder's poison
             ... on level 2 of the Dungeon.
             The game lasted 00:06:37 (423 turns).

foxgirlerika the Insei (Vine Stalker Transmuter)     Turns: 423, Time: 00:06:37

Health: 0/14       AC:  5    Str: 12    XL:     2   Next: 45%
Magic:  0/6        EV: 10    Int: 13    God:    Vehumet [*.....]
Gold:   39         SH:  0    Dex: 14    Spells: 4/5 levels left

rFire   . . .      SeeInvis .   f - +0 dagger
rCold   . . .      Faith    .   d - orb {mayhem}
rNeg    . . .      Spirit   +   j - +0 ring mail
rPois   .          Reflect  .   (helmet currently unavailable)
rElec   .          Harm     .   (no cloak)
rCorr   +          Rampage  .   (no gloves)
Will    .....                   (boots currently unavailable)
Stlth   +.........              (no amulet)
HPRegen 0.04/turn               b - ring of resist corrosion
MPRegen 0.10/turn               (no ring)

@: lethally poisoned (0 -> -8), appendages, invisible
A: horns 2, talons 2, fangs 2, magic shield, antimagic bite, no potion heal 2
a: End Transformation, Renounce Religion


You were on level 2 of the Dungeon.
You worshipped Vehumet.
Vehumet was aware of your devotion.
You had temporarily grown beastly horns and talons.
You visited 1 branch of the dungeon, and saw 2 of its levels.

You collected 39 gold pieces.

Inventory:

Hand Weapons
 f - a +0 dagger (weapon)
Armour
 a - a +0 robe
 d - an orb of mayhem (worn)
 j - a +0 ring mail (worn)
Jewellery
 b - a ring of resist corrosion (left hand)
Scrolls
 e - a scroll of identify
 h - a scroll of teleportation {unknown}
Potions
 g - a potion of heal wounds {unknown}
 i - 2 potions of lignification
 k - a potion of mutation {unknown}


   Skills:
 + Level 0.8 Fighting
 + Level 1.6 Dodging
 + Level 3.4 Unarmed Combat
 + Level 2.3 Spellcasting
 + Level 2.2 Transmutations


You had 4 spell levels left.
You knew the following spells:

 Your Spells              Type           Power      Damage    Failure   Level
a - Beastly Appendage     Tmut           14%        N/A       22%         1

Your spell library contained the following spells:

 Spells                   Type           Power      Damage    Failure   Level
 Freeze                   Ice            4%         1d3       50%         1
 Wereblood                Tmut           7%         N/A       34%         2
 Spider Form              Tmut/Pois      4%         N/A       71%         3
 Ice Form                 Ice/Tmut       4%         N/A       98%         4


Dungeon Overview and Level Annotations

Branches:
Dungeon (2/15)

Altars:
Vehumet


Innate Abilities, Weirdness & Mutations

You have temporarily grown beastly horns and talons.
You have extremely sharp teeth.
When hurt, damage is shared between your health and your magic reserves.
Your bite disrupts and absorbs the magic of your enemies.
Potions cannot restore your health.


Message History

Vehumet accepts your kill.
Your transformation is almost over.
Found 13 gold pieces.
You see here a bat corpse.
Found 6 gold pieces.
Found a robe.
An adder comes into view.
k - an orange potion The adder hisses angrily.
Your horns disappear.
Your talons disappear.
The adder bites you but does no damage.
You closely miss the adder. Your bite misses the adder.
The adder barely misses you.
You barely miss the adder. The adder barely misses you.
Casting: Beastly Appendage (safe; 22% risk of failure)
Confirm with . or Enter, or press ? or * to list all spells.
You grow a pair of large bovine horns.
Your feet morph into talons.
The adder barely misses you. x2
You hit the adder but do no damage. Your kick misses the adder.
The adder bites you.
You are poisoned.
The adder poisons you!
You barely miss the adder. Your bite misses the adder.
You feel sick. The adder bites you.
You closely miss the adder. Your kick misses the adder.
You feel sick. The adder barely misses you.
You closely miss the adder. Your kick misses the adder.
You feel sick. The adder bites you. The adder closely misses you.
You barely miss the adder. Your kick misses the adder.
You feel sick. The adder bites you.
You hit the adder. Your kick misses the adder. Your bite misses the adder.
The adder is lightly wounded.
You feel sick.
You are no longer poisoned.
The adder bites you.
* * * LOW HITPOINT WARNING * * *
You are lethally poisoned!
The adder poisons you!
You fade into invisibility!
You die...

##.....#.....##
##.............##
#..........!....#
#...............#
#...............#
#...............#
#...............#..
#...<..†...........
##.........@...$...
##.....#...S......
#.####...#.......
#. #.#.#....... #.
#..#....$.... ..
.....##.......
........ .......
#.[.... .......
#... .. ...


You could see an adder (can't see you).

Vanquished Creatures
  A ball python (D:1)
  2 bats
  An endoplasm (D:2)
  A goblin (D:1)
  4 jackals (D:1)
  A frilled lizard (D:1)
  2 rats (D:1)
12 creatures vanquished.

Vanquished Creatures (others)
  3 plants (D:1)
3 creatures vanquished.

Grand Total: 15 creatures vanquished

Notes
Turn   | Place    | Note
-------+----------+-------------------------------------------
     0 | D:1      | foxgirlerika the Vine Stalker Transmuter began the quest
                  | for the Orb.
     0 | D:1      | Reached XP level 1. HP: 9/9 MP: 4/4
   131 | D:1      | Reached XP level 2. HP: 11/14 MP: 4/6
   156 | D:1      | Found a faded altar of an unknown god.
   187 | D:1      | Prayed at the altar of an unknown god.
   187 | D:1      | Became a worshipper of Vehumet
   187 | D:1      | Reached * piety under Vehumet
   187 | D:1      | Offered knowledge of Freeze by Vehumet.
   423 | D:2      | Succumbed to an adder's poison

Illustrated notes

Levels and vault maps discovered:
D:1:      dpeg_arrival_simpleton_c, layout_rooms,
          shapermc_ecumenical_altar_mp_ritualfount
D:2:      layout_rooms

Action                   || total
-------------------------++-------
Melee: Unarmed           ||    13
       Headbutt          ||     4
       Kick              ||     2
       Dagger            ||    32
       Bite              ||    11
 Cast: Beastly Appendage ||    10
  Use: Potion            ||     2
       Scroll            ||     1
Armor: Robe              ||     2
       Skin              ||     2
       Ring mail         ||     3
Dodge: Dodged            ||    22

Table legend: (Time is in decaauts)
 A = Elapsed time spent in this place.
 B = Non-inter-level travel time spent in this place.
 C = Inter-level travel time spent in this place.
 D = Time resting spent in this place.
 E = Time spent auto-exploring this place.
 F = Levels seen in this place.
 G = Mean time per level.
                   A        B        C        D        E       F      G
               +--------+--------+--------+--------+--------+-----+--------+
         Total |    420 |    420 |      0 |      0 |      0 |   2 |  210.0 |
       Dungeon |    420 |    420 |      0 |      0 |      0 |   2 |  210.0 |
               +--------+--------+--------+--------+--------+-----+--------+

Top non-repeatable levels by time:
     D:1: 394 daAuts
     D:2: 26 daAuts
